 Seeded DCSS version 0.30.1-4-g462c640d31 (webtiles) character file.

Game seed: 6351066067085065685 (custom seed)

1078 Esekla the Grave Robber (level 8, -1/41 HPs)
             Began as a Deep Elf Necromancer on Aug 11, 2023.
             Was a Believer of Vehumet.
             Slain by a lemure (6 damage)
             ... led by Pikel
             ... on level 6 of the Dungeon.
             The game lasted 00:24:28 (3807 turns).

Esekla the Grave Robber (Deep Elf Necromancer)      Turns: 3807, Time: 00:24:29

Health: -1/41      AC:  4    Str:  5    XL:     8   Next: 8%
Magic:  2/20       EV: 12    Int: 23    God:    Vehumet [**....]
Gold:   295        SH:  0    Dex: 18    Spells: 10/20 levels left

rFire   . . .        i - +5 rapier of the Hero {heavy, rN+ Dex+3}
rCold   . . .        (no shield)
rNeg    + . .        a - +0 robe
rPois   .            j - +0 helmet
rElec   .            (no cloak)
rCorr   .            m - +0 pair of gloves
SInv    .            (no boots)
Will    .....        (no amulet)
Stlth   +++          (no ring)
HPRegen 0.26/turn    (no ring)
MPRegen 0.17/turn

%: no passive effects
@: grasped by roots, constricted
A: no striking features
a: Renounce Religion


You were on level 6 of the Dungeon.
You worshipped Vehumet.
Vehumet was pleased with you.
You visited 1 branch of the dungeon, and saw 6 of its levels.

You collected 295 gold pieces.

Inventory:

Hand Weapons
 i - the +5 rapier of the Hero (weapon) {heavy, rN+ Dex+3}
   (You found it on level 3 of the Dungeon)

   Dex:       It affects your dexterity (+3).
   rN:        It protects you from negative energy.
 r - a +0 spear
Missiles
 t - 5 poisoned darts (quivered)
 x - a throwing net
Armour
 a - a +0 robe (worn)
 j - a +0 helmet (worn)
 m - a +0 pair of gloves (worn)
Jewellery
 B - an amulet of magic regeneration
Wands
 h - a wand of roots (16)
 D - a wand of flame (15)
Scrolls
 c - a scroll of immolation {unknown}
 e - 3 scrolls of fear {unknown}
 n - a scroll of enchant armour {unknown}
 o - 7 scrolls of identify {unknown}
 p - 2 scrolls of amnesia {unknown}
 u - 2 scrolls of fog {unknown}
 v - 2 scrolls of blinking {unknown}
 w - 3 scrolls of enchant weapon {unknown}
 y - a scroll of silence {unknown}
 z - a scroll of summoning {unknown}
 A - a scroll of magic mapping {unknown}
Potions
 b - a potion of magic
 d - 2 potions of ambrosia {unknown}
 f - 2 potions of attraction {unknown}
 g - a potion of haste {unknown}
 k - a potion of mutation {unknown}
 l - 6 potions of curing {unknown}
 q - 2 potions of heal wounds {unknown}
 s - 3 potions of brilliance {unknown}
 C - a potion of lignification {unknown}


   Skills:
 + Level 3.0 Short Blades
 + Level 1.0 Throwing
 * Level 5.1 Dodging
 + Level 5.3 Stealth
 * Level 6.6 Spellcasting
 * Level 6.8 Necromancy
 * Level 2.5 Translocations
 * Level 1.7 Fire Magic


You had 10 spell levels left.
You knew the following spells:

 Your Spells              Type           Power      Damage    Failure   Level
a - Necrotise             Necr           100%       1d9       1%          1
b - Foxfire               Conj/Fire      44%        2x1d6     5%          1
d - Vampiric Draining     Necr           39%        2d8       1%          3
o - Scorch                Fire           30%        2d6       6%          2
t - Teleport Other        Tloc           19%        N/A       9%          3

Your spell library contained the following spells:

 Spells                   Type           Power      Damage    Failure   Level
 Lesser Beckoning         Tloc           38%        N/A       4%          2
 Animate Dead             Necr           39%        N/A       4%          4
 Gell's Gravitas          Tloc           19%        N/A       9%          3
 Agony                    Necr           39%        N/A       13%         5
 Spider Form              Tmut/Pois      7%         N/A       24%         3
 Cause Fear               Hex            3%         N/A       63%         4
 Summon Mana Viper        Hex/Summ       7%         N/A       92%         5


Dungeon Overview and Level Annotations

Branches:
Dungeon (6/15)
 Temple: D:4-7

Altars:
Dithmenos
Hepliaklqana
Okawaru
Qazlal
Trog
Vehumet
Zin
The Shining One

Shops:
D:2 =   D:4 (

Annotations:
D:6 Pikel


Message History

Aiming: Vampiric Draining (safe; 1% risk of failure)
Press: ? - help, Shift-Dir - straight line, f/p - Pikel
Aim: Pikel, wielding a +1 whip of flaming, wearing a +0 robe and carrying a wand of roots (5) (moderately wounded)
You draw life force from Pikel!
You feel life coursing into your body. Pikel barely misses you.
The grasping roots constrict you!
The grasping roots release their grip on you.
Casting: Vampiric Draining (safe; 1% risk of failure)
Confirm with . or Enter, or press ? or * to list all spells.
Aiming: Vampiric Draining (safe; 1% risk of failure)
Press: ? - help, Shift-Dir - straight line, f/p - Pikel
Aim: Pikel, wielding a +1 whip of flaming, wearing a +0 robe and carrying a wand of roots (5) (heavily wounded)
You draw life force from Pikel!
You feel life coursing into your body. Pikel completely misses you.
The lemure hits you.
Casting: Vampiric Draining (safe; 1% risk of failure)
Confirm with . or Enter, or press ? or * to list all spells.
Aiming: Vampiric Draining (safe; 1% risk of failure)
Press: ? - help, Shift-Dir - straight line, f/p - Pikel
Aim: Pikel, wielding a +1 whip of flaming, wearing a +0 robe and carrying a wand of roots (5) (severely wounded)
You draw life force from Pikel.
You feel life coursing into your body. Pikel closely misses you.
The lemure hits you but does no damage. x2
Casting: Vampiric Draining (safe; 1% risk of failure)
Confirm with . or Enter, or press ? or * to list all spells.
Aiming: Vampiric Draining (safe; 1% risk of failure)
Press: ? - help, Shift-Dir - straight line, f/p - Pikel
Aim: Pikel, wielding a +1 whip of flaming, wearing a +0 robe and carrying a wand of roots (5) (severely wounded)
You draw life force from Pikel!
You feel life coursing into your body.
Pikel zaps a wand.
The roots erupt in riotous growth!
The grasping roots grab you!
The lemure is unaffected.
Pikel is unaffected.
The lemure is unaffected.
The grasping roots constrict you! The lemure barely misses you.
The lemure hits you.
You closely miss Pikel.
Pikel is almost dead.
Pikel hits you with a +1 whip of flaming!
Pikel burns you.
* * * LOW HITPOINT WARNING * * *
The grasping roots constrict you.
* * * LOW HITPOINT WARNING * * *
The lemure hits you.
You die...

#####...^.....#
#...####### #...#
#...# #### ##.##
..# #.# #. #.#
#.# #..##.####†#
###
#.55K@.....##...#
####55........#
#.....#########
#.....# #..##.#
.... #.# #..# ...
#.. #.# ..


You could see Pikel and 4 lemures.

Vanquished Creatures
  An ice beast (D:6)
  A sky beast (D:6)
  A black bear (D:2)
  An ogre (D:5)
  2 scorpions (D:5)
  A gnoll bouda (D:4)
  5 hounds
  A sleepcap (D:5)
  4 iguanas
  12 gnolls
  9 adders
  2 white imps
  A worm (D:4)
  3 dart slugs
  8 orcs
  6 ball pythons
  4 endoplasms
  8 goblins
  5 hobgoblins
  A quokka (D:1)
  4 bats
  4 frilled lizards
  4 kobolds
  A rat (D:2)
89 creatures vanquished.

Notes
Turn   | Place    | Note
-------+----------+-------------------------------------------
     0 | D:1      | Esekla the Deep Elf Necromancer began the quest for the
                  | Orb.
     0 | D:1      | Reached XP level 1. HP: 10/10 MP: 6/6
   138 | D:1      | Reached skill level 5 in Necromancy
   261 | D:2      | Found Renulab's Jewellery Shop.
   303 | D:3      | Identified the +5 rapier of the Hero {heavy, rN+ Dex+3}
   460 | D:3      | Reached XP level 2. HP: 15/15 MP: 8/8
   492 | D:4      | Found a glowing golden altar of the Shining One.
   510 | D:4      | Found an iron altar of Okawaru.
   522 | D:4      | Found a glowing silver altar of Zin.
   597 | D:4      | Found a radiant altar of Vehumet.
   603 | D:4      | Became a worshipper of Vehumet
   753 | D:3      | Found a stormy altar of Qazlal.
   886 | D:2      | Noticed a black bear
  1226 | D:3      | Reached XP level 3. HP: 15/19 MP: 9/9
  1232 | D:3      | Learned a level 3 spell: Vampiric Draining
  1248 | D:3      | Found a hazy altar of Hepliaklqana.
  1248 | D:3      | Found a bloodstained altar of Trog.
  1370 | D:1      | Reached XP level 4. HP: 24/24 MP: 11/11
  1605 | D:2      | Reached * piety under Vehumet
  1605 | D:2      | Offered knowledge of Foxfire by Vehumet.
  1606 | D:2      | Reached skill level 1 in Short Blades
  1608 | D:2      | Learned a level 1 spell: Foxfire
  1612 | D:2      | Learned a level 3 spell: Teleport Other
  1630 | D:2      | Found a faded altar of an unknown god.
  1665 | D:2      | Reached XP level 5. HP: 24/28 MP: 2/13
  1906 | D:2      | Killed a black bear
  1907 | D:2      | Reached skill level 1 in Translocations
  2157 | D:4      | Found Ponaysk's Antique Weapon Boutique.
  2353 | D:3      | Reached XP level 6. HP: 25/32 MP: 11/14
  2806 | D:5      | Entered Level 5 of the Dungeon
  2814 | D:5      | Got the Parchment of the Lumpy Olives
  2829 | D:5      | Found a shadowy altar of Dithmenos.
  2900 | D:5      | Reached skill level 5 in Spellcasting
  3002 | D:5      | Offered knowledge of Scorch by Vehumet.
  3007 | D:5      | Learned a level 2 spell: Scorch
  3071 | D:5      | Reached ** piety under Vehumet
  3087 | D:5      | Reached XP level 7. HP: 36/36 MP: 13/16
  3158 | D:5      | Reached skill level 1 in Fire Magic
  3293 | D:5      | Reached skill level 5 in Stealth
  3637 | D:6      | Reached skill level 5 in Dodging
  3709 | D:6      | Noticed Pikel
  3751 | D:6      | Reached skill level 1 in Throwing
  3751 | D:6      | Reached XP level 8. HP: 41/41 MP: 19/19
  3807 | D:6      | Slain by a lemure

Illustrated notes

Levels and vault maps discovered:
D:1:      sevenhm_arrival_forest_fort_small_3, layout_rooms,
          chequers_serial_rivers_room_b, minmay_misc_feat_five
D:2:      layout_loops_ring, dreamdust_ecumenical_altar_angels_and_demons,
          serial_shops, shop
D:3:      layout_basic, grunt_temple_overflow_open, minmay_misc_feat_iff
D:4:      layout_basic, nicolae_overflow_quartered_altars, serial_shops,
          nicolae_diamond_shop
D:5:      layout_loops_ring, lemuel_doored_altar, minmay_misc_feat_rows,
          dreamdust_wishing_well
D:6:      layout_loops_cross, fedhas_altar_fruit_tree,
          minmay_temple_entry_glass, uniq_pikel, uniq_blork_the_orc

Skill      XL: |  1  2  3  4  5  6  7 |
---------------+----------------------+-----
Necromancy     | 5 6 |  6.8
Dodging        | 3 4 5 |  5.1
Stealth        | 3 4 5 |  5.3
Short Blades   | 1 2 3 |  3.0
Spellcasting   | 4 5 6 |  6.6
Translocations | 1 2 |  2.5
Fire Magic     | 1 |  1.7
Throwing       | 1 |  1.0

Action                     |  1- 3 |  4- 6 |  7- 9 || total
---------------------------+-------+-------+-------++-------
  Melee: Short sword       |    16 |       |       ||    16
         Unarmed           |     9 |       |       ||     9
         Rapier            |    33 |    77 |    26 ||   136
         Punch             |       |       |     1 ||     1
  Throw: Dart              |       |    17 |     8 ||    25
   Cast: Vampiric Draining |       |    14 |    21 ||    35
         Teleport Other    |       |       |     2 ||     2
   Stab: Sleeping          |     5 |     8 |     4 ||    17
 Armour: Robe              |    11 |    12 |    13 ||    36
  Dodge: Dodged            |    42 |    72 |    27 ||   141
